 Dungeon Crawl Stone Soup version 0.25.0-15-gac7dcb8919 (webtiles) character file.

Game seed: 3345311870667052775

1769 MisterFreud the Cutter (level 9, -4/69 HPs)
             Began as a Barachi Enchanter on June 29, 2020.
             Was an Initiate of Dithmenos.
             Slain by an ice beast (8 damage)
             ... on level 7 of the Dungeon.
             The game lasted 00:18:45 (10202 turns).

MisterFreud the Cutter (Barachi Enchanter)         Turns: 10202, Time: 00:18:46

Health: -4/69      AC:  3    Str: 10    XL:     9   Next: 7%
Magic:  14/15      EV: 13    Int: 12    God:    Dithmenos [......]
Gold:   548        SH:  5    Dex: 19    Spells: 10/16 levels left

rFire    + . .     SeeInvis .   a - +1 dagger
rCold    . . .     Gourm    .   (no shield)
rNeg     . . .     Faith    .   b - +0 robe
rPois    .         Spirit   .   (no helmet)
rElec    .         Reflect  +   (no cloak)
rCorr    .         Harm     .   (no gloves)
MR       .....                  n - +0 pair of boots
Stlth    +++.......             s - amulet of reflection
HPRegen  0.21/turn              C - ring of Kinir {rF+ Int-4 Dex+4} (curse)
MPRegen  0.14/turn              (no ring)

@: slow
A: +LOS, swims, slowness 1, strong legs 1
a: Hop, Renounce Religion


You were on level 7 of the Dungeon.
You worshipped Dithmenos.
Dithmenos was noncommittal.
You were hungry.

You visited 2 branches of the dungeon, and saw 8 of its levels.
You also visited: Sewer.

You collected 548 gold pieces.

Inventory:

Hand Weapons
 a - a +1 dagger (weapon)
 o - a +0 rapier
Missiles
 g - 3 boomerangs (quivered)
 q - 3 javelins
 v - 12 poisoned darts
Armour
 b - a +0 robe (worn)
 n - a +0 pair of boots (worn)
Jewellery
 s - an amulet of reflection (around neck)
 C - the cursed ring of Kinir (left hand) {rF+ Int-4 Dex+4}
   (You found it on level 6 of the Dungeon)

   [ring of intelligence]

   It affects your intelligence (-4).
   It affects your dexterity (+4).
   It protects you from fire.
   It has a curse placed upon it.
Wands
 z - a wand of iceblast (8)
 E - a wand of paralysis (8)
Scrolls
 c - 5 scrolls of remove curse
 e - a scroll of fog {unknown}
 h - 3 scrolls of amnesia {unknown}
 k - 3 scrolls of teleportation {unknown}
 l - a scroll of blinking {unknown}
 m - a scroll of random uselessness {unknown}
 p - a scroll of enchant weapon {unknown}
 t - 2 scrolls of magic mapping {unknown}
 w - a scroll of enchant armour {unknown}
 x - 2 scrolls of fear {unknown}
 y - a scroll of immolation {unknown}
 B - 2 scrolls of identify
Potions
 f - 3 potions of invisibility
 i - 2 potions of curing
 j - 5 potions of flight
 r - a potion of heal wounds
 u - a potion of cancellation {unknown}
 A - a potion of might {unknown}
 D - a potion of mutation {unknown}
Comestibles
 d - 9 rations


   Skills:
 - Level 6.0 Fighting
 + Level 7.0 Short Blades
 - Level 2.1 Dodging
 - Level 6.0 Stealth
 - Level 4.0 Spellcasting
 - Level 6.0 Hexes


You had 10 spell levels left.
You knew the following spells:

 Your Spells              Type           Power        Failure   Level  Hunger
a - Corona                Hex            ###....      1%          1    #......
b - Ensorcelled Hibernat  Hex/Ice        #.....       10%         2    ##.....
c - Confusing Touch       Hex            ###.....     5%          3    ###....

Your spell library contained the following spells:

 Spells                   Type           Power        Failure   Level  Hunger
 Tukima's Dance           Hex            ###.....     5%          3    ###....
 Dazzling Flash           Conj/Hex       #.....       19%         3    ###....


Dungeon Overview and Level Annotations

Branches:
Dungeon (7/15)             Temple (1/1) D:7           Sewer (visited)

Altars:
Ashenzari
Cheibriados
Dithmenos
Fedhas
Gozag
Kikubaaqudgha
Makhleb
Nemelex Xobeh
Okawaru
Qazlal
Ru
Sif Muna
Trog
Uskayaw
Vehumet
Wu Jian
Xom
Zin
The Shining One

Shops:
D:7 *

Annotations:
D:6 Menkaure


Innate Abilities, Weirdness & Mutations

You can be seen from farther away. (+LOS)
You can swim through water.
You cover ground slowly.
You can hop short distances.


Message History

The centaur zombie hits you. The ice beast barely misses you.
You hit the ice beast but do no damage.
The ice beast is lightly wounded.
The centaur zombie hits you. The ice beast hits you. The ice beast freezes you!
You hit the ice beast.
The ice beast is moderately wounded.
The centaur zombie hits you!
* * * LOW HITPOINT WARNING * * *
Unknown command.
The ice beast seems less confused.
The centaur zombie hits you.
* * * LOW HITPOINT WARNING * * *
The centaur zombie barely misses you. The ice beast hits you.
* * * LOW HITPOINT WARNING * * *
The ice beast freezes you!
* * * LOW HITPOINT WARNING * * *
The ice beast hits you.
* * * LOW HITPOINT WARNING * * *
The ice beast freezes you!
You die...

#.# #.# ##
###..#..#.#
#.# #.#
#...###...#
#.# #.#
#..##.##..#
..# #.#
#.##...##.#
### ########
#..'#.##..#
.. #.....#
#...###....
#..#..#..#
###..#....#
###
#..#..#..#
##...####
..#####
..#.@#..#
##### #
........
#Y##Y##.## #
........
#..#5.#..# #
...####.
#..#Z.#..# #
..##
#..#Y.#..###
# .##
#.....#....#
# .#
##########.#
# ##
##.####...#
#
#........##
#


You could see 2 ice beasts, a quasit and a centaur zombie.

Vanquished Creatures
  Grinder (D:5)
  A hungry ghost (D:7)
  An ice beast (D:7)
  A sky beast (D:5)
  2 ogres
  A centaur (D:5)
  A bullfrog (D:6)
  A scorpion (D:4)
  6 killer bees (D:7)
  2 howler monkeys
  2 crimson imps
  An orc priest (D:7)
  9 worker ants
  2 hound skeletons
  7 adders
  A shadow imp (D:7)
  3 oozes (Sewer)
  An adder zombie (D:7)
  4 worms (Sewer)
  2 dart slugs (D:1)
  8 leopard geckos
  4 orcs
  2 ball pythons (D:3)
  11 giant cockroaches
  10 goblins
  13 hobgoblins
  7 jackals
  7 kobolds
  2 quokkas
  16 bats
  2 frilled lizards (D:4)
  A quokka skeleton (D:7)
  9 rats
141 creatures vanquished.

Notes
Turn   | Place    | Note
-------+----------+-------------------------------------------
     0 | D:1      | MisterFreud the Barachi Enchanter began the quest for the
                  | Orb.
     0 | D:1      | Reached XP level 1. HP: 13/13 MP: 3/3
   398 | D:1      | Reached XP level 2. HP: 19/19 MP: 5/5
   402 | D:1      | Learned a level 2 spell: Ensorcelled Hibernation
   474 | D:1      | Reached skill level 2 in Short Blades
  1066 | D:1      | Reached XP level 3. HP: 24/24 MP: 6/6
  2479 | D:2      | Reached skill level 3 in Short Blades
  2479 | D:2      | Reached XP level 4. HP: 30/30 MP: 7/7
  2575 | D:2      | Found an iron altar of Okawaru.
  3122 | D:3      | Found a glowing drain.
  3137 | Sewer    | Entered a sewer
  3756 | Sewer    | Reached XP level 5. HP: 27/35 MP: 1/8
  3938 | Sewer    | Reached skill level 4 in Short Blades
  5625 | D:3      | Learned a level 3 spell: Confusing Touch
  5970 | D:4      | Reached XP level 6. HP: 41/41 MP: 0/10
  6199 | D:4      | Found a shimmering altar of Xom.
  6203 | D:4      | Found an ornate altar of the Wu Jian Council.
  6208 | D:4      | Found a bloodstained altar of Trog.
  6360 | D:4      | Found an opulent altar of Gozag.
  6423 | D:4      | Reached skill level 5 in Hexes
  6540 | D:5      | Entered Level 5 of the Dungeon
  6562 | D:5      | Reached XP level 7. HP: 46/46 MP: 11/13
  6622 | D:5      | Reached skill level 1 in Fighting
  7041 | D:5      | Noticed Grinder
  7042 | D:5      | Paralysed by Grinder for 7 turns
  7055 | D:5      | Killed Grinder
  7814 | D:5      | Reached skill level 5 in Fighting
  7856 | D:5      | Reached XP level 8. HP: 62/62 MP: 9/14
  8230 | D:6      | Found a stormy altar of Qazlal.
  8334 | D:6      | Got a scintillating amber ring
  8335 | D:6      | Identified the cursed ring of Kinir {rF+ Int-4 Dex+4} (You
                  | found it on level 6 of the Dungeon)
  8392 | D:6      | Found a blossoming altar of Fedhas.
  8433 | D:6      | Noticed Menkaure
  9167 | D:7      | Reached skill level 5 in Short Blades
  9296 | D:7      | Found Tybbir's General Store.
  9343 | D:7      | Reached skill level 5 in Stealth
  9763 | D:7      | Reached skill level 6 in Short Blades
  9806 | D:7      | Found a staircase to the Ecumenical Temple.
  9811 | D:7      | Reached XP level 9. HP: 40/69 MP: 12/15
  9823 | Temple   | Entered the Ecumenical Temple
  9995 | Temple   | Became a worshipper of Dithmenos the Shadowed
 10051 | D:7      | Reached skill level 7 in Short Blades
 10202 | D:7      | Slain by an ice beast

Illustrated notes

Levels and vault maps discovered:
D:1:      erik_arrival_cave_to_civilisation [erik_arrival_cave_to_hall],
          layout_basic, serial_forest, infiniplex_forest_end_1,
          infiniplex_forest_clump_medium, infiniplex_forest_clump_curved,
          infiniplex_forest_lined_room_, infiniplex_forest_clump_double
D:2:      layout_loops_ring, overflow_temple_1_default, minmay_misc_feat_rows,
          st_stairs_4, minmay_domino_4
D:3:      layout_basic, portal_sewer_entry_b
D:4:      layout_cave_pools, marbit_many_paths,
          minmay_overflow_temple_star_quad, grunt_ministairs_6,
          minmay_hedge_maze, kennysheep_donut, eino_tiny_chamber
D:5:      layout_basic, first_ration, zaba_anthole, minivault_1, uniq_grinder
D:6:      layout_basic, yredelemnul_forgotten_temple_becter, old_standard_altar,
          gammafunk_ghost_smash, fedhas_altar_1, uniq_menkaure
D:7:      minmay_angry_zag, layout_loops_ring, minmay_temple_entry_proselytizer,
          enter_ossuary_5, serial_shops, shop
Temple:   cyrus_circular_temple

Skill      XL: |  1  2  3  4  5  6  7  8  9 |
---------------+----------------------------+-----
Stealth        | 3 4 6 |  6.0
Short Blades   | 2 3 4 6 7 |  7.0
Hexes          | 4 5 6 |  6.0
Spellcasting   | 3 4 |  4.0
Fighting       | 5 6 |  6.0
Dodging        | |  2.1

Action                   |  1- 3 |  4- 6 |  7- 9 || total
-------------------------+-------+-------+-------++-------
Melee: Dagger            |   106 |   194 |    98 ||   398
       Rapier            |       |       |    43 ||    43
 Cast: Corona            |     6 |     1 |       ||     7
       Ensorcelled Hiber |    13 |    57 |    40 ||   110
       Confusing Touch   |       |       |     9 ||     9
  Use: Scroll            |       |       |     7 ||     7
       Potion            |       |       |     1 ||     1
 Stab: Sleeping          |    16 |    38 |    24 ||    78
       Confused          |       |       |     9 ||     9
  Eat: Chunk             |     7 |    15 |     5 ||    27
       Ration            |       |     1 |     3 ||     4
Armor: Robe              |    14 |    72 |    18 ||   104
Dodge: Dodged            |    50 |   155 |    66 ||   271
Block: Other             |       |       |     7 ||     7
